Map: Orbital Shipyard

Players

pss - Winner!

  • Race: Protoss Protoss
  • League: Gold

bottlezz - Winner!

  • Race: Protoss Protoss
  • League: Gold

Blue

  • Race: Terran Terran
  • League: Grandmaster

Red

  • Race: Terran Terran
  • League: Grandmaster

VOD

Have the link to the VOD?

Description

Time

  • Played on: Sept. 7, 2015, 4:52 a.m.
  • Length: 12:24
Show
View Real Time Build Order
Export as new Build Order

pss Protoss - Winner!

Build Orders:  

Get SALT Encoding   

  12  0:00  Probe (Chrono Boost)  
  13  0:11  Probe (Chrono Boost)  
  14  0:21  Probe (Chrono Boost)  
  15  0:23  Pylon  
  15  0:41  Probe (Chrono Boost)  
  16  0:44  Gateway  
  16  0:49  Assimilator  
  16  0:51  Probe (Chrono Boost)  
  17  1:02  Probe (Chrono Boost)  
  18  1:04  Pylon  
  18  1:15  Probe (Chrono Boost)  
  19  1:25  Probe (Chrono Boost)  
  20  1:36  Cybernetics Core  
  20  1:38  Probe (Chrono Boost)  
  21  1:48  Probe (Chrono Boost), Gateway  
  21  1:52  Assimilator  
  22  1:58  Probe (Chrono Boost)  
  23  2:08  Probe (Chrono Boost)  
  23  2:14  Warp Gate  
  23  2:15  Nexus  
  24  2:20  Mothership Core (Chrono Boost)  
  26  2:28  Stalker  
  27  2:38  Probe (Chrono Boost)  
  27  2:40  Adept  
  30  2:50  Probe (Chrono Boost)  
  31  2:57  Pylon  
  31  3:05  Pylon  
  31  3:17  Probe (Chrono Boost)  
  32  3:29  Probe (Chrono Boost)  
  32  3:34  Probe (Chrono Boost)  
  34  3:41  Probe (Chrono Boost)  
  35  3:42  Gateway x2  
  35  3:44  Probe (Chrono Boost)  
  35  3:47  Assimilator  
  36  3:53  Probe (Chrono Boost)  
  36  3:54  Probe (Chrono Boost)  
  36  3:55  Robotics Facility  
  38  4:02  Pylon  
  38  4:05  Probe (Chrono Boost)  
  39  4:10  Probe (Chrono Boost)  
  40  4:20  Assimilator  
  40  4:22  Probe (Chrono Boost)  
  41  4:25  Probe (Chrono Boost), Pylon  
  42  4:32  Probe (Chrono Boost)  
  43  4:41  Observer  
  43  4:43  Probe x2 (Chrono Boost)  
  46  4:50  Twilight Council  
  46  4:53  Probe (Chrono Boost)  
  46  4:55  Probe (Chrono Boost)  
  46  4:56  Immortal  
  48  5:04  Stalker x2  
  48  5:05  Stalker x2  
  61  5:07  Probe (Chrono Boost)  
  61  5:12  Probe (Chrono Boost), Blink  
  62  5:16  Pylon  
  62  5:20  Probe (Chrono Boost)  
  63  5:22  Probe (Chrono Boost)  
  64  5:33  Nexus  
  64  5:35  Immortal  
  68  5:52  Probe (Chrono Boost)  
  68  5:53  Probe (Chrono Boost)  
  70  6:03  Probe (Chrono Boost)  
  71  6:10  Forge  
  71  6:11  Warp Prism  
  71  6:12  Pylon  
  71  6:16  Probe x2 (Chrono Boost)  
  75  6:19  Zealot  
  75  6:20  Stalker, Zealot  
  75  6:21  Stalker  
  83  6:28  Pylon x2  
  83  6:32  Gateway  
  83  6:39  Probe (Chrono Boost)  
  85  6:40  Probe (Chrono Boost), Immortal  
  85  6:44  Protoss Ground Weapons Level 1  
  85  6:45  Robotics Bay  
  85  6:46  Probe (Chrono Boost)  
  90  6:58  Probe (Chrono Boost)  
  93  7:02  Probe x2 (Chrono Boost)  
  93  7:03  Assimilator  
  93  7:08  Probe (Chrono Boost)  
  93  7:13  Gateway  
  94  7:17  Observer  
  94  7:19  Probe x2 (Chrono Boost)  
  97  7:31  Pylon  
  97  7:32  Zealot x3  
  103  7:38  Observer  
  106  7:52  Probe x2 (Chrono Boost)  
  106  7:55  Dark Shrine  
  106  7:56  Templar Archives, Warp Prism  
  106  7:57  Probe (Chrono Boost)  
  103  7:58  Charge  
  103  8:04  Probe (Chrono Boost)  
  103  8:05  Zealot x5, Gravitic Drive  
  114  8:18  Protoss Ground Weapons Level 2  
  106  8:25  Probe x2 (Chrono Boost)  
  106  8:26  Immortal  
  106  8:28  Assimilator  
  110  8:35  Zealot x5  
  118  8:44  Forge  
  118  8:53  Gateway  
  116  8:59  Gateway  
  114  9:03  Pylon  
  114  9:05  Gateway  
  114  9:06  Zealot x5  
  114  9:09  Gateway  
  122  9:10  Probe x2 (Chrono Boost), Protoss Shields Level 1  
  122  9:11  Immortal  
  118  9:19  Nexus  
  118  9:22  Observer Gravitic Boosters, Zealot  
  118  9:28  Psionic Storm  
  118  9:37  Dark Templar x4  
  124  9:49  Pylon  
  122  10:03  Dark Templar x2  
  122  10:04  Gateway  
  124  10:08  Pylon  
  124  10:09  Pylon  
  124  10:15  Dark Templar x2  
  124  10:26  Zealot x2  
  129  10:29  Probe (Chrono Boost)  
  129  10:30  Probe x2 (Chrono Boost)  
  129  10:35  Assimilator  
  129  10:46  Shield Upgrade  
  125  11:05  Probe (Chrono Boost)  
  125  11:06  Probe (Chrono Boost), Zealot x3, Assimilator  
  125  11:07  Probe (Chrono Boost), Zealot x2  
  134  11:15  Probe (Chrono Boost)  
  134  11:17  Probe (Chrono Boost)  
  131  11:19  Probe (Chrono Boost), Nexus  
  127  11:32  Immortal  
  131  11:38  Robotics Facility  
  129  11:40  Dark Templar x2  
  129  11:42  Zealot x4  
  141  11:59  Stalker  
  141  12:07  Dark Templar x3  
  141  12:08  Dark Templar x4, Stargate  
  153  12:10  Pylon  
  153  12:14  Pylon  
Show
View Real Time Build Order
Export as new Build Order

bottlezz Protoss - Winner!

Build Orders:  

Get SALT Encoding   

  12  0:01  SCV  
  13  0:16  SCV  
  14  0:28  Supply Depot, SCV  
  15  0:48  Refinery  
  15  0:49  SCV  
  16  0:51  Barracks  
  15  1:12  SCV  
  16  1:25  Barracks  
  16  1:26  SCV  
  17  1:43  Reaper  
  18  1:49  SCV  
  19  1:58  Engineering Bay  
  19  2:01  Orbital Command  
  19  2:17  Command Center  
  19  2:23  Reaper  
  20  2:38  SCV, Refinery  
  20  2:44  Factory  
  21  2:50  SCV  
  22  3:02  SCV  
  22  3:05  Supply Depot  
  23  3:23  Supply Depot  
  23  3:27  SCV  
  24  3:29  Barracks Reactor, Barracks Tech Lab  
  23  3:39  SCV  
  23  3:40  Factory, Orbital Command  
  23  3:47  Refinery  
  23  3:51  SCV  
  23  3:52  Refinery  
  23  3:54  Factory Tech Lab  
  24  4:03  SCV  
  25  4:15  SCV, Factory  
  26  4:27  SCV  
  26  4:28  SCV  
  28  4:35  Siege Tank  
  31  4:39  SCV  
  31  4:40  SCV  
  33  4:51  SCV  
  33  4:52  SCV  
  35  5:00  Infernal Pre-Igniter  
  35  5:03  SCV  
  35  5:04  SCV  
  35  5:06  Factory Reactor  
  37  5:08  Command Center  
  37  5:15  SCV  
  37  5:17  SCV  
  39  5:24  Command Center  
  39  5:28  SCV  
  40  5:29  SCV  
  41  5:37  Supply Depot  
  41  5:40  SCV  
  41  5:41  SCV  
  41  5:42  Factory  
  43  5:46  Hellion x2  
  47  5:52  SCV  
  47  5:53  SCV  
  47  5:56  Armory  
  49  6:00  Supply Depot  
  49  6:01  Starport  
  50  6:04  SCV  
  50  6:05  SCV  
  51  6:13  Siege Tank  
  51  6:14  Siege Tank  
  51  6:16  SCV  
  51  6:17  SCV  
  60  6:28  SCV  
  60  6:29  SCV  
  60  6:31  Orbital Command  
  59  6:36  Marine x2  
  61  6:40  SCV  
  61  6:41  SCV, Starport Tech Lab  
  61  6:43  Starport Reactor  
  61  6:46  Siege Tank  
  66  6:48  Starport  
  66  6:51  Orbital Command  
  66  6:57  Factory  
  66  6:59  Siege Tank  
  66  7:00  Orbital Command  
  69  7:17  Supply Depot  
  69  7:18  Siege Tank  
  69  7:19  Supply Depot, Hellion x2  
  76  7:27  Missile Turret  
  76  7:28  SCV  
  76  7:29  SCV  
  78  7:30  SCV x2, Missile Turret  
  78  7:31  Siege Tank  
  78  7:35  Factory Tech Lab  
  78  7:38  Hellion  
  78  7:40  SCV  
  78  7:41  SCV, Hellion x2  
  78  7:42  SCV x2  
  86  7:50  Hellion  
  85  7:53  SCV x2  
  85  7:54  SCV  
  85  7:55  SCV  
  89  8:02  Hellion  
  89  8:03  Thor  
  89  8:05  SCV x2  
  98  8:06  SCV  
  98  8:07  SCV  
  100  8:15  Factory Tech Lab  
  100  8:17  SCV x2  
  100  8:19  SCV x2  
  100  8:25  Armory  
  96  8:28  Hellion x2  
  96  8:32  SCV x3  
  96  8:34  SCV  
  99  8:37  Siege Tank  
  100  8:44  Liberator  
  100  8:53  SCV  
  100  8:54  SCV  
  100  8:55  Marine x3  
  100  8:56  SCV x2, Siege Tank  
  110  9:07  SCV  
  110  9:08  SCV  
  104  9:13  Marine x3  
  104  9:16  SCV  
  102  9:19  SCV x2  
  102  9:20  SCV  
  102  9:22  Factory Reactor  
  99  9:28  SCV  
  99  9:31  SCV x2, Marine x3  
  100  9:32  SCV  
  100  9:33  Factory Tech Lab  
  100  9:34  Refinery  
  104  9:40  SCV  
  104  9:41  Refinery  
  104  9:42  Refinery  
  104  9:43  SCV x2  
  104  9:44  SCV  
  98  9:49  Marine x3  
  93  9:53  SCV  
  93  9:55  SCV  
  86  10:07  Marine  
  84  10:12  Missile Turret  
  84  10:13  Command Center  
  73  10:15  Thor  
  73  10:17  Hellion  
  73  10:18  Hellion x2  
  82  10:23  Liberator  
  77  10:30  Missile Turret  
  77  10:34  Missile Turret  
  70  10:39  Hellion x3  
  76  10:47  SCV x4  
  65  10:58  Hellion  
  65  10:59  SCV x2  
  65  11:00  Hellion  
  65  11:01  Hellion x2  
  59  11:19  Hellion  
  59  11:22  Hellion x3  
  67  11:28  SCV  
  67  11:29  SCV  
  68  11:36  Orbital Command  
  68  11:41  SCV x2  
  69  11:53  SCV  
  60  11:55  Hellion  
  62  12:03  SCV  
  62  12:05  SCV  
Show
View Real Time Build Order
Export as new Build Order

Blue Terran 

Build Orders:  

Get SALT Encoding   

Show
View Real Time Build Order
Export as new Build Order

Red Terran 

Build Orders:  

Get SALT Encoding   

Tags
 
Add a new tag
Caveats
  • Supply blocks, unpowered buildings, or Contaminate may cause inaccurate times.
  • Supply counts are checked every 10 seconds.